 Dungeon Crawl Stone Soup version 0.21-a0-41-g5e91fef (webtiles) character file.

77 Duffy the Shield-Bearer (level 4, -3/35 HPs)
             Began as a Formicid Fighter on June 4, 2017.
             Killed by divine providence
             ... invoked by an orc priest
              (11 damage)
             ... on level 3 of the Dungeon.
             The game lasted 00:01:32 (1891 turns).

Duffy the Shield-Bearer (Formicid Fighter)          Turns: 1891, Time: 00:01:33

Health: -3/35      AC: 12    Str: 21    XL:     4   Next: 58%
Magic:  4/4        EV:  4    Int:  8    God:
Gold:   71         SH: 10    Dex: 13    Spells: 3/3 levels left

rFire    . . .     SeeInvis +   a - +0 war axe
rCold    . . .     Gourm    .   c - +0 shield
rNeg     . . .     Faith    .   m - +0 plate armour
rPois    .         Spirit   .   (helmet unavailable)
rElec    .         Reflect  .   (no cloak)
rCorr    .         Harm     .   (no gloves)
MR       .....                  n - +0 pair of boots
Stlth    ..........             (no amulet)
Regen    0.2/turn               g - +3 ring of dexterity
MPRegen  0.1/turn               (no ring)

@: no status effects
A: permanent stasis, dig shafts and tunnels, four strong arms, antennae 3
a: Dig, Shaft Self


You were on level 3 of the Dungeon.
You were not hungry.

You visited 1 branch of the dungeon, and saw 3 of its levels.

You collected 71 gold pieces.

Inventory:

Hand Weapons
 a - a +0 war axe (weapon)
Armour
 c - a +0 shield (worn)
 m - a +0 plate armour (worn)
 n - a +0 pair of boots (worn)
Jewellery
 g - a +3 ring of dexterity (left hand)
Scrolls
 e - 3 scrolls of identify {unknown}
 i - a scroll of teleportation {unknown}
 j - 2 scrolls of enchant weapon {unknown}
 o - 2 scrolls of fog {unknown}
 p - a scroll of noise {unknown}
 r - 2 scrolls of fear {unknown}
Potions
 d - a potion of might
 h - a potion of brilliance {unknown}
 l - a potion of invisibility {unknown}
 q - 2 potions of curing {unknown}
Comestibles
 b - a meat ration
 f - 3 bread rations
 k - 2 chunks of flesh


   Skills:
 - Level 3.2 Fighting
 + Level 2.9 Axes
 + Level 3.8 Armour
 * Level 4.9 Shields


You had 3 spell levels left.
You didn't know any spells.

Dungeon Overview and Level Annotations

Branches:
Dungeon (3/15)

Altars:
Fedhas
Qazlal


Innate Abilities, Weirdness & Mutations

You cannot be hasted, slowed, berserked, paralysed or teleported.
You can dig through walls and to a lower floor.
Your four strong arms can wield two-handed weapons with a shield.
You have a pair of large antennae on your head. (SInv)


Message History

You hit the orc.
The orc is heavily wounded.
Your plate armour prevents you from hitting the orc.
You block the orc's attack. The orc hits you but does no damage.
The orc priest calls down the wrath of Beogh upon you.
Beogh smites you!
You are too injured to fight recklessly!
You are too injured to fight recklessly!
You are too injured to fight recklessly!
You are too injured to fight recklessly!
You are too injured to fight recklessly!
You are too injured to fight recklessly!
You are too injured to fight recklessly!
You are too injured to fight recklessly!
You are too injured to fight recklessly!
You are too injured to fight recklessly!
You are too injured to fight recklessly!
The orc priest mumbles some strange prayers to Beogh against you.
Beogh smites you!
You die...

#######
.......
.......##
.........
.....$o.#
.......)######
......o......#
........oo.#.#
##.#.###.#@#.#
# ...#.#.#
#.###.#.# #.
..#.# # ###.#
#.# #.# #.#
#<#


You could see 2 orc priests and 2 orcs.

Vanquished Creatures
  Jessica (D:3)
  An adder (D:2)
  2 dart slugs
  An orc (D:3)
  5 bats
  4 giant cockroaches
  4 goblins
  6 hobgoblins
  2 ball pythons
  2 frilled lizards
  5 kobolds
  4 rats
37 creatures vanquished.

Notes
Turn   | Place    | Note
-------+----------+-------------------------------------------
     0 | D:1      | Duffy the Formicid Fighter began the quest for the Orb.
     0 | D:1      | Reached XP level 1. HP: 18/18 MP: 1/1
   265 | D:1      | Reached XP level 2. HP: 15/24 MP: 2/2
   449 | D:1      | Reached skill level 4 in Shields
   842 | D:1      | Reached XP level 3. HP: 23/29 MP: 3/3
  1792 | D:2      | Found a stormy altar of Qazlal.
  1804 | D:2      | Found a blossoming altar of Fedhas.
  1852 | D:2      | Reached XP level 4. HP: 35/35 MP: 4/4
  1877 | D:3      | Noticed Jessica
  1887 | D:3      | Killed Jessica
  1891 | D:3      | Killed from afar by an orc priest

Vault maps used:
D:1:      tarquinn_simple_flora_water_c
D:2:      kennysheep_six_static_rooms, grunt_temple_overflow_forces_of_nature
D:3:      lemuel_coloured_pillars_altar, minmay_snake_closets, uniq_jessica

Skill      XL: |  1  2 |
---------------+-------+-----
Shields        | 4 |  4.9
Fighting       | |  3.2
Axes           | |  2.9
Armour         | |  3.8

Action                   |  1- 3 |  4- 6 || total
-------------------------+-------+-------++-------
Melee: War axe           |   101 |     8 ||   109
  Eat: Chunk             |     3 |       ||     3
Armor: Scale mail        |    24 |       ||    24
       Plate armour      |    17 |     6 ||    23
Dodge: Dodged            |    22 |     1 ||    23
Block: Shield            |    53 |     7 ||    60
